 Dungeon Crawl Stone Soup version 0.23-a0-106-g63f3d0b (webtiles) character file.

4237 emperorscorpion the Quickloader (level 10, -2/84 HPs)
             Began as a Centaur Hunter on Aug 20, 2018.
             Was a High Priest of Okawaru.
             Killed by divine providence
             ... invoked by an orc priest
              (10 damage)
             ... on level 9 of the Dungeon.
             The game lasted 00:13:20 (10308 turns).

emperorscorpion the Quickloader (Centaur Hunter)   Turns: 10308, Time: 00:13:21

Health: -2/84      AC: 10    Str: 15    XL:     10   Next: 9%
Magic:  10/10      EV: 11    Int: 10    God:    Okawaru [*****.]
Gold:   535        SH:  0    Dex: 13    Spells: 9/9 levels left

rFire    . . .     SeeInvis .   b - +2 hand crossbow
rCold    . . .     Gourm    .   (no shield)
rNeg     . . .     Faith    +   c - +0 leather armour
rPois    .         Spirit   .   (no helmet)
rElec    .         Reflect  .   q - +2 cloak
rCorr    +         Harm     .   e - +1 pair of gloves
MR       .....                  (no barding)
Stlth    +.........             D - amulet of faith
HPRegen  0.24/turn              k - ring of resist corrosion
MPRegen  0.12/turn              (no ring)

@: very quick
A: large, hooves 3, deformed body, speed 2, tough skin 3
a: Heroism, Finesse, Renounce Religion


You were on level 9 of the Dungeon.
You worshipped Okawaru.
Okawaru was extremely pleased with you.
You were not hungry.

You visited 1 branch of the dungeon, and saw 9 of its levels.

You collected 535 gold pieces.

Inventory:

Hand Weapons
 a - a +2 trident of protection
 b - a +2 hand crossbow (weapon)
 p - a +0 short sword
 w - a cursed -2 trident
 x - a +0 spear
Missiles
 d - 44 bolts (quivered)
Armour
 c - a +0 leather armour (worn)
 e - a +1 pair of gloves (worn)
 i - a +0 chain mail
 q - a +2 cloak (worn)
Jewellery
 k - a ring of resist corrosion (left hand)
 D - an amulet of faith (around neck)
 E - a +5 ring of evasion {unknown}
Wands
 h - a wand of iceblast (10)
 j - a wand of paralysis (6)
Scrolls
 l - 3 scrolls of remove curse
 m - 4 scrolls of identify
 s - a scroll of enchant armour {unknown}
 t - 4 scrolls of teleportation
 u - a scroll of magic mapping {unknown}
 v - 2 scrolls of fear {unknown}
 y - 2 scrolls of amnesia {unknown}
 B - 2 scrolls of blinking {unknown}
Potions
 n - 2 potions of curing
 o - 2 potions of agility
 r - 2 potions of flight {unknown}
 z - 2 potions of degeneration {unknown}
 A - a potion of might {unknown}
 C - a potion of magic {unknown}
 F - 2 potions of ambrosia {unknown}
 G - 2 potions of brilliance {unknown}
Comestibles
 f - 15 rations


   Skills:
 + Level 6.4 Fighting
 - Level 0.8 Short Blades
 + Level 7.6 Polearms
 + Level 8.7 Crossbows
 + Level 3.3 Armour
 + Level 4.4 Dodging
 + Level 1.5 Stealth


You had 9 spell levels left.
You didn't know any spells.
Your spell library contained the following spells:

 Spells                   Type           Power        Failure   Level  Hunger
 Sandblast                Erth           #.....       43%         1    ##.....
 Passwall                 Tmut/Erth      #.......     56%         2    ###....
 Stone Arrow              Conj/Erth      #.....       80%         3    ####...
 Petrify                  Tmut/Erth      #.......     99%         4    #####..
 Lee's Rapid Deconstruct  Erth           #.........   100%        5    ######.


Dungeon Overview and Level Annotations

Branches:
Dungeon (9/15)             Temple (0/1) D:5            Lair (0/6) D:9
    Orc: D:9-12

Altars:
Elyvilon
Okawaru
Trog
Wu Jian
Yredelemnul

Annotations:
D:5 Pikel


Innate Abilities, Weirdness & Mutations

You have hooves in place of feet.
Armour fits poorly on your strangely shaped body.
You cover ground very quickly.
You have extremely tough skin. (AC +3)


Message History

The warg bites you!
* * * LOW HITPOINT WARNING * * *
You feel much better.
A bullfrog comes into view.
The orc closely misses you. The warg bites you.
* * * LOW HITPOINT WARNING * * *
The orc priest miscasts a cantrip.
Firing (i - inventory)
d - 45 bolts (quivered)
Press: ? - help, Shift-Dir - straight line, f - orc priest
Aim: an orc priest (almost dead)
You shoot a bolt. The bolt hits the orc priest.
You kill the orc priest!
Okawaru accepts your kill. The warg bites you!
* * * LOW HITPOINT WARNING * * *
The orc misses you. The warg bites you!
* * * LOW HITPOINT WARNING * * *
The orc priest invokes the aid of Beogh against you.
Beogh smites you!
You die...

..## .>. .. .#
#########.#####.
#..o)<..((......
#h#######.#####.
#.# ..# #@# ....
#o# ..... #F#
.o.oP.. #(.
h...... ..#
o>.o... ###


You could see a warg, a bullfrog and an orc priest.

Vanquished Creatures
  A hippogriff (D:7)
  5 yaks (D:8)
  A steam dragon (D:8)
  A warg (D:9)
  A black bear (D:7)
  2 orc warriors
  3 ice beasts
  A phantom (D:5)
  A centaur (D:6)
  2 ogres
  3 bullfrogs
  A scorpion (D:4)
  9 killer bees
  3 wights (D:7)
  A bullfrog zombie (D:8)
  4 crimson imps
  2 centaur zombies
  7 orc priests
  7 hounds
  A jelly (D:8)
  A bullfrog skeleton (D:6)
  A gnoll shaman (D:4)
  8 orc wizards
  5 worker ants
  A hound zombie (D:5)
  A howler monkey zombie (D:5)
  9 adders
  8 gnolls
  A shadow imp (D:8)
  2 oozes
  An adder skeleton (D:6)
  6 worms
  2 dart slugs (D:1)
  4 leopard geckos
  25 orcs
  12 bats
  10 giant cockroaches
  8 goblins
  6 hobgoblins
  9 jackals
  5 quokkas
  3 ball pythons
  2 frilled lizards (D:2)
  7 kobolds
  A leopard gecko skeleton (D:8)
  A quokka skeleton (D:4)
  9 rats
204 creatures vanquished.

Notes
Turn   | Place    | Note
-------+----------+-------------------------------------------
     0 | D:1      | emperorscorpion the Centaur Hunter began the quest for the Orb.
     0 | D:1      | Reached XP level 1. HP: 17/17 MP: 1/1
   253 | D:1      | Reached XP level 2. HP: 6/24 MP: 2/2
   264 | D:1      | Reached skill level 5 in Crossbows
  1002 | D:1      | Reached XP level 3. HP: 29/29 MP: 3/3
  2067 | D:2      | Found an iron altar of Okawaru.
  2067 | D:2      | Found a basalt altar of Yredelemnul.
  2075 | D:2      | Reached skill level 1 in Polearms
  2075 | D:2      | Reached XP level 4. HP: 36/36 MP: 4/4
  2694 | D:2      | Became a worshipper of Warmaster Okawaru
  2961 | D:3      | Reached skill level 1 in Armour
  2994 | D:3      | Reached XP level 5. HP: 30/42 MP: 5/5
  3244 | D:3      | You fall through a shaft for 3 floors!
  3318 | D:5      | Entered Level 5 of the Dungeon
  3359 | D:5      | Found a staircase to the Ecumenical Temple.
  3683 | D:3      | Reached XP level 6. HP: 38/50 MP: 6/6
  4609 | D:4      | Reached * piety under Okawaru
  4628 | D:4      | Reached XP level 7. HP: 30/57 MP: 7/7
  5431 | D:5      | Noticed Pikel
  5800 | D:5      | Reached skill level 6 in Crossbows
  6595 | D:6      | Reached skill level 5 in Polearms
  6595 | D:6      | Reached XP level 8. HP: 59/66 MP: 8/8
  6605 | D:6      | Reached skill level 1 in Stealth
  6710 | D:6      | Reached ** piety under Okawaru
  6844 | D:6      | Found a white marble altar of Elyvilon.
  7077 | D:7      | HP: 3/67 [killer bee (7)]
  7077 | D:7      | HP: 1/67 [wight/hand axe (2)]
  7337 | D:7      | Reached skill level 5 in Fighting
  7583 | D:7      | Reached *** piety under Okawaru
  7639 | D:7      | Noticed a hippogriff
  7656 | D:7      | Killed a hippogriff
  7656 | D:7      | Reached skill level 7 in Crossbows
  7660 | D:7      | Reached XP level 9. HP: 55/74 MP: 9/9
  7989 | D:7      | Received a gift from Okawaru
  8718 | D:8      | Reached skill level 8 in Crossbows
  8991 | D:8      | Reached **** piety under Okawaru
  9754 | D:8      | Reached XP level 10. HP: 33/84 MP: 10/10
 10009 | D:8      | Found an ornate altar of the Wu Jian Council.
 10037 | D:8      | Found a bloodstained altar of Trog.
 10274 | D:9      | Found a staircase to the Lair.
 10298 | D:9      | Reached ***** piety under Okawaru
 10304 | D:9      | HP: 2/84 [warg (10)]
 10308 | D:9      | Killed from afar by an orc priest

Vault maps used:
D:1:      dpeg_arrival_solitude, minmay_misc_feat_iff, st_stairs_3
D:2:      gammafunk_temple_overflow_elements, first_ration, cheibrodos_gnoll_hut
D:3:      gup_sewer_entry_glass, grunt_ministairs_10, st_stairs_5
D:5:      minmay_temple_entry_metal_lava, minmay_misc_feat_plants, uniq_pikel
D:6:      elyvilon_altar_4, minmay_misc_feat_x
D:8:      marbit_many_paths, trog_three_pillars_becter
D:9:      erik_lair_orcish_takeover, hangedman_ranch

Skill      XL: |  1  2  3  4  5  6  7  8  9 |
---------------+----------------------------+-----
Crossbows      | 5 6 7 8 |  8.7
Polearms       | 1 2 3 5 6 7 |  7.6
Armour         | 1 2 3 |  3.3
Dodging        | 2 3 4 |  4.4
Fighting       | 3 5 6 |  6.4
Stealth        | 1 |  1.5
Short Blades   | |  0.8

Action                   |  1- 3 |  4- 6 |  7- 9 | 10-12 || total
-------------------------+-------+-------+-------+-------++-------
Melee: Short sword       |    62 |       |       |       ||    62
       Kick              |    21 |    29 |    68 |     2 ||   120
       Spear             |    79 |    47 |       |       ||   126
       Trident           |       |   141 |   309 |     8 ||   458
 Fire: Hand crossbow     |     7 |    17 |   148 |    21 ||   193
Invok: Heroism           |       |       |       |     1 ||     1
  Use: Scroll            |       |       |     5 |       ||     5
       Potion            |       |       |     4 |     1 ||     5
 Stab: Distracted        |       |       |     1 |       ||     1
  Eat: Chunk             |     2 |     8 |    13 |       ||    23
       Ration            |       |       |       |     1 ||     1
Armor: Leather armour    |    57 |    94 |   184 |     5 ||   340
Dodge: Dodged            |    64 |    90 |   206 |     9 ||   369

Table legend:
 A = Non-vault XP
 B = Vault XP
 C = Vault XP percentage of total XP
 D = Non-vault monster count
 E = Vault monster count
 F = Vault count percentage of total count
                 A         B        C        D         E       F
            +---------+---------+-------+---------+---------+-------
      Total |    5531 |     523 |   8.6 |     182 |      22 |  10.8
            +---------+---------+-------+---------+---------+-------
        D:1 |      38 |       8 |  17.4 |      23 |       3 |  11.5
        D:2 |      62 |      17 |  21.5 |      20 |       3 |  13.0
        D:3 |     192 |      40 |  17.2 |      26 |       9 |  25.7
        D:4 |     531 |       0 |   0.0 |      26 |       0 |   0.0
        D:5 |     466 |       0 |   0.0 |      21 |       0 |   0.0
        D:6 |     444 |       0 |   0.0 |      16 |       0 |   0.0
        D:7 |    1606 |       0 |   0.0 |      27 |       0 |   0.0
        D:8 |    2192 |      34 |   1.5 |      23 |       1 |   4.2
        D:9 |       0 |     424 | 100.0 |       0 |       6 | 100.0
            +---------+---------+-------+---------+---------+-------
